 Dungeon Crawl Stone Soup version 0.30.0-29-ga12c61a403 (webtiles) character file.

Game seed: 11980068123763879351

6374 Fecro the Covert (level 10, -6/50 HPs)
             Began as a Spriggan Brigand on June 23, 2023.
             Was a Priest of Dithmenos.
             Shot with an arrow by a centaur warrior (10 damage)
             ... on level 9 of the Dungeon.
             The game lasted 00:52:13 (11750 turns).

Fecro the Covert (Spriggan Brigand)                Turns: 11750, Time: 00:52:14

Health: -6/50      AC:  8    Str:  7    XL:     10   Next: 65%
Magic:  11/11      EV: 22    Int: 13    God:    Dithmenos [***...]
Gold:   465        SH:  0    Dex: 21    Spells: 9/9 levels left

rFire   . . .        a - +3 dagger
rCold   . . .        (no shield)
rNeg    . . .        b - +1 robe {Will+}
rPois   .            (helmet restricted)
rElec   .            c - +0 cloak
rCorr   .            (gloves unavailable)
SInv    +            (boots unavailable)
Will    ++...        y - amulet of faith
Stlth   ++++++++     g - +4 ring of protection
HPRegen 0.28/turn    (no ring)
MPRegen 0.12/turn

%: faith
@: about to teleport, wreathed by umbra, very quick
A: very small, no large weapons, unfitting armour, see invisible, speed 3
a: Renounce Religion, Shadow Step


You were on level 9 of the Dungeon.
You worshipped Dithmenos.
Dithmenos was most pleased with you.
You visited 2 branches of the dungeon, and saw 10 of its levels.

You collected 465 gold pieces.

Inventory:

Hand Weapons
 a - a +3 dagger (weapon)
 E - a +0 shortbow
Missiles
 d - 23 poisoned darts (quivered)
 e - 2 curare-tipped darts
 h - 114 stones
 i - 4 atropa-tipped darts
 j - a throwing net
 H - 6 boomerangs
Armour
 b - a +1 robe of willpower (worn)
 c - a +0 cloak (worn)
Jewellery
 g - a +4 ring of protection (left hand)
 y - an amulet of faith (around neck)
 L - a +6 ring of intelligence
 M - a ring of flight
Wands
 o - a wand of quicksilver (22)
 D - a wand of roots (7)
 G - a wand of charming (9)
Scrolls
 l - a scroll of vulnerability
 m - a scroll of butterflies {unknown}
 p - 3 scrolls of teleportation
 q - 4 scrolls of immolation
 s - 2 scrolls of poison
 v - 2 scrolls of fear {unknown}
 x - 2 scrolls of blinking
 z - 4 scrolls of silence {unknown}
 A - a scroll of amnesia {unknown}
 C - a scroll of enchant weapon {unknown}
 F - 3 scrolls of magic mapping
 J - a scroll of fog {unknown}
 K - 2 scrolls of identify
Potions
 f - 2 potions of curing
 k - a potion of lignification
 n - 4 potions of attraction
 r - a potion of haste {unknown}
 t - a potion of heal wounds {unknown}
 u - a potion of resistance
 w - a potion of magic {unknown}
 B - a potion of cancellation {unknown}
 I - a potion of invisibility {unknown}


   Skills:
 + Level 4.2 Fighting
 + Level 6.9 Short Blades
 + Level 6.0 Ranged Weapons
 * Level 8.1 Throwing
 + Level 6.4 Dodging
 * Level 14.9 Stealth


You had 9 spell levels left.
You didn't know any spells.
Your spell library contained the following spells:

 Spells                   Type           Power      Damage    Failure   Level
 Sting                    Tmut/Pois      0%         1d3       30%         1
 Sublimation of Blood     Necr           0%         N/A       43%         2
 Wereblood                Tmut           0%         N/A       43%         2
 Eringya's Noxious Bog    Tmut/Pois      0%         N/A       100%        6
 Statue Form              Tmut/Erth      0%         N/A       100%        6
 Summon Hydra             Summ           0%         N/A       100%        7


Dungeon Overview and Level Annotations

Branches:
Dungeon (9/15)             Temple (1/1) D:5
   Lair: D:8-11         Orc: D:9-12

Altars:
Ashenzari
Cheibriados
Dithmenos
Elyvilon
Fedhas
Gozag
Hepliaklqana
Kikubaaqudgha
Makhleb
Nemelex Xobeh
Okawaru
Qazlal
Ru
Sif Muna
Trog
Uskayaw
Vehumet
Wu Jian
Xom
Yredelemnul
Zin
The Shining One

Annotations:
D:3 3 runed translucent doors, Sabo's ghost, novice FoMo; alvan145's ghost, amateur MiGl


Innate Abilities, Weirdness & Mutations

You are very small and have problems with some larger weapons.
You are too small for most types of armour.
You have supernaturally acute eyesight. (SInv)
You cover ground extremely quickly. (Speed+++)


Message History

You now have 420 gold pieces (gained 15).
You now have 436 gold pieces (gained 16).
L - a +6 ring of intelligence
Okay, then.
Okay, then.
You now have 447 gold pieces (gained 11).
Found a stone staircase leading up.
You now have 459 gold pieces (gained 12).
You see here a +2 quarterstaff of pain.
Found a pair of boots.
f - 2 potions of curing (gained 1)
M - a ring of flight You see here a +0 pair of boots.
N - a +0 pair of boots
Okay, then.
Okay, then.
You drop a +0 pair of boots.
K - 2 scrolls of identify (gained 1)
Found a stone staircase leading down.
Found a flail.
You now have 465 gold pieces (gained 6).
p - 4 scrolls of teleportation (gained 1)
A wraith comes into view.
The helpless wraith fails to defend itself.
You spit the wraith like a pig!!!!
You destroy the wraith!
Dithmenos accepts your kill.
A centaur warrior comes into view.
Found 5 stones.
The centaur warrior shouts!
The centaur warrior wields a +0 shortbow.
The centaur warrior shoots an arrow.
The arrow hits you!
As you read the scroll of teleportation, it crumbles to dust.
You feel strangely unstable.
The centaur warrior shoots an arrow.
The arrow barely misses you.
The centaur warrior shoots an arrow.
The arrow hits you!
The centaur warrior shoots an arrow.
The arrow hits you!!
* * * LOW HITPOINT WARNING * * *
The centaur warrior shoots an arrow.
The arrow hits you!
You die...

...#.#.##.....
#######.#.#.##.....
..........#.##.###.
#.).....##.##.# #.
#.......##.##.###.
#.......##.##.....
#.......##.#######
############.###.#......
#......@...#.# #.#.#####
#c########.#.###.#.# #
#.# #.#...#.#.# # #c#
######.###.#.#.# # #.#
#........#.#.#.# # #.#
#.####.#.#.#.#.##### #(#
#.#....#.#.#.#...... #.#
#.#.#..#.#.#.####### #.#
#.#.####.#.#........


You could see a centaur warrior.

Vanquished Creatures
  A two-headed ogre (D:7)
  Pikel (D:6)
  A troll (D:8)
  Grinder (D:3)
  A wyvern (D:7)
  A wraith (D:9)
  7 yaks (D:7)
  Duvessa (D:7)
  3 water moccasins
  3 ice beasts
  An orc warrior (D:5)
  2 sky beasts (D:7)
  A centaur (D:7)
  3 lemures (D:7)
  4 ogres
  A kobold brigand (D:8)
  2 bullfrogs
  A scorpion (D:4)
  2 gnoll sergeants
  5 wights
  12 killer bees
  Dowan (D:7)
  A jelly (D:8)
  2 hounds
  2 gnoll boudas
  7 orc priests
  Crazy Yiuf (D:2)
  3 sleepcaps
  5 iguanas
  7 orc wizards
  Terence (D:2)
  5 adders
  12 gnolls
  A white imp (D:8)
  3 ufetubi
  4 worms
  A dart slug (D:4)
  29 orcs
  10 ball pythons
  3 bats
  11 endoplasms
  A giant cockroach (D:2)
  8 goblins
  5 hobgoblins
  11 jackals
  5 kobolds
  5 quokkas
  3 frilled lizards
  A goblin zombie (D:7)
  A rat (D:1)
  A rat zombie (D:7)
204 creatures vanquished.

Notes
Turn   | Place    | Note
-------+----------+-------------------------------------------
     0 | D:1      | Fecro the Spriggan Brigand began the quest for the Orb.
     0 | D:1      | Reached XP level 1. HP: 10/10 MP: 2/2
    86 | D:1      | Reached skill level 6 in Stealth
   193 | D:1      | Reached XP level 2. HP: 14/14 MP: 3/3
   430 | D:1      | Reached XP level 3. HP: 17/18 MP: 4/4
   470 | D:1      | Reached skill level 7 in Stealth
   790 | D:2      | Found a faded altar of an unknown god.
   945 | D:2      | Noticed Terence
   957 | D:2      | Killed Terence
   958 | D:2      | Reached XP level 4. HP: 23/23 MP: 5/5
  1284 | D:2      | Found a runed translucent door.
  1285 | D:2      | Noticed Crazy Yiuf
  1292 | D:2      | Killed Crazy Yiuf
  1560 | D:3      | Found a runed translucent gate.
  1560 | D:3      | Found a runed translucent gate.
  1561 | D:3      | Found a runed translucent gate.
  1564 | D:3      | Noticed Sabo's ghost (novice FoMo)
  1564 | D:3      | Noticed alvan145's ghost (amateur MiGl)
  1684 | D:3      | Noticed Grinder
  1687 | D:3      | Killed Grinder
  1688 | D:3      | Reached skill level 8 in Stealth
  1688 | D:3      | Reached XP level 5. HP: 24/26 MP: 6/6
  1688 | D:3      | Reached XP level 6. HP: 28/30 MP: 7/7
  1711 | D:3      | Reached skill level 9 in Stealth
  1739 | D:3      | You fall into a shaft and drop 1 floor!
  3169 | D:4      | Noticed a water moccasin
  3426 | D:4      | Reached XP level 7. HP: 35/35 MP: 8/8
  3638 | D:4      | Reached skill level 10 in Stealth
  3852 | D:5      | Entered Level 5 of the Dungeon
  4256 | D:5      | Reached skill level 5 in Short Blades
  4256 | D:5      | Reached skill level 11 in Stealth
  4286 | D:5      | Identified the +8 short sword of a ziggurat {holy, rN+
                  | Str+3 Int+3}
  4368 | D:5      | Reached XP level 8. HP: 39/39 MP: 9/9
  4527 | D:5      | Got the Spellbook of Changing
  4834 | D:5      | Found a staircase to the Ecumenical Temple.
  4848 | Temple   | Entered the Ecumenical Temple
  4984 | Temple   | Became a worshipper of Dithmenos the Shadowed
  5421 | D:5      | Reached skill level 12 in Stealth
  5678 | D:6      | Found a basalt altar of Yredelemnul.
  5802 | D:6      | Reached skill level 1 in Ranged Weapons
  7111 | D:5      | Reached skill level 5 in Throwing
  7271 | D:7      | Noticed Duvessa
  7271 | D:7      | Noticed Dowan
  7272 | D:7      | Killed Duvessa
  7273 | D:7      | Reached XP level 9. HP: 44/44 MP: 10/10
  7568 | D:7      | Reached * piety under Dithmenos
  7865 | D:7      | Noticed Pikel
  8028 | D:6      | Killed Pikel
  8029 | D:6      | Reached skill level 5 in Dodging
  8029 | D:6      | Reached skill level 13 in Stealth
  8148 | D:7      | Killed Dowan
  8656 | D:7      | Reached ** piety under Dithmenos
  9275 | D:8      | Noticed a troll
  9282 | D:8      | Killed a troll
  9375 | D:7      | Reached skill level 14 in Stealth
  9453 | D:7      | Reached XP level 10. HP: 33/49 MP: 11/11
  9519 | D:8      | Noticed a two-headed ogre
  9577 | D:7      | Killed a two-headed ogre
  9960 | D:7      | Reached skill level 5 in Ranged Weapons
 11109 | D:7      | Reached *** piety under Dithmenos
 11742 | D:9      | Noticed a centaur warrior
 11750 | D:9      | Shot with an arrow by a centaur warrior

Illustrated notes

Levels and vault maps discovered:
D:1:      dpeg_arrival_pits, layout_rooms
D:2:      layout_loops_ring, ebering_ecumenical_altar_abandoned, uniq_terence,
          uniq_crazy_yiuf_cottage
D:3:      layout_basic, gammafunk_ghost_cemetery, uniq_grinder
D:4:      nicolae_cairo_tiling_very_big, layout_loops_ring, wad_rectangle_vault
D:5:      layout_loops_ring, minmay_temple_entry_drinking_statues,
          serial_bayou_pond_e, nrook_mini_backslash
D:6:      layout_loops_corners, lemuel_crystal_altar
D:7:      layout_loops_ring, enter_ossuary_4, uniq_pikel, uniq_duvessa
D:8:      layout_cave_pools, serial_park, serial_park_square3
          [serial_park_minivault_5x5_8], serial_park_tiny_pond,
          serial_park_square3 [serial_park_minivault_5x5_6], serial_park_tiny_2
D:9:      layout_basic
Temple:   mainiacjoe_temple_hex_bubbles

Skill      XL: |  1  2  3  4  5  6  7  8  9 10 |
---------------+-------------------------------+-----
Stealth        | 6 7 8 9 11 12 14 | 14.9
Dodging        | 2 3 4 5 6 |  6.4
Fighting       | 2 3 4 |  4.2
Short Blades   | 3 4 5 6 |  6.9
Throwing       | 3 4 5 7 8 |  8.1
Ranged Weapons | 3 4 6 |  6.0

Action                     |  1- 3 |  4- 6 |  7- 9 | 10-12 || total
---------------------------+-------+-------+-------+-------++-------
  Melee: Dagger            |   110 |   183 |   425 |   171 ||   889
         Punch             |     2 |     4 |     7 |     4 ||    17
   Fire: Shortbow          |       |       |   127 |    79 ||   206
         Sling             |       |       |     6 |       ||     6
  Throw: Dart              |     1 |     8 |    32 |    13 ||    54
         Stone             |       |     1 |       |       ||     1
         Boomerang         |       |       |    45 |    37 ||    82
  Evoke: Wand              |       |       |     1 |       ||     1
    Use: Scroll            |       |       |    10 |     1 ||    11
         Potion            |       |       |     2 |       ||     2
   Stab: Sleeping          |     5 |    20 |    21 |     3 ||    49
         Invisible         |       |       |     1 |       ||     1
 Armour: Robe              |    10 |    25 |    50 |    27 ||   112
  Dodge: Dodged            |    66 |   110 |   288 |   185 ||   649
